Connexion

CAROLINA Hurricanes vs PHILADELPHIA Flyers

Created - 1 août 2023 at 07:21

Goals
1 2 3 T
CAROLINA Hurricanes 0 0 1 1
PHILADELPHIA Flyers 2 1 1 4
Shots
1 2 3 T
CAROLINA Hurricanes 8 7 8 23
PHILADELPHIA Flyers 10 6 7 23

GoalsPenalties
1st period
1. PHILADELPHIA Flyers , Jason Zucker 2 (Matt Roy 1, Sean Monahan 1) at 7:11
2. PHILADELPHIA Flyers , Sean Monahan 1 (Alex Pietrangelo 3, Jason Zucker 2) at 9:33 (PP)
Brady Tkachuk (PHI) for Roughing (Minor) at 2:58
Owen Power (CAR) for Interference (Minor) at 2:58
Esa Lindell (CAR) for Hooking (Minor) at 8:00
Tj Brodie (PHI) for Cross-checking (Minor) at 14:28
2nd period
3. PHILADELPHIA Flyers , Jason Zucker 3 (Calen Addison 3) at 0:32
Tj Brodie (PHI) for Hooking (Minor) at 11:37
Pavel Buchnevich (PHI) for Diving (Minor) at 17:34
3rd period
4. CAROLINA Hurricanes , Jack Hughes 1 (Brett Pesce 1, Marcus Johansson 1) at 7:16
5. PHILADELPHIA Flyers , Jason Zucker 4 (Tj Brodie 1) at 16:49
Marcus Johansson (CAR) for Delaying the game (Minor) at 8:50
Calen Addison (PHI) for Holding (Minor) at 17:43
Wayne Simmonds (CAR) for Hooking (Minor) at 18:05
Goalie Stats
Ilya Samsonov (CAR), 19 saves from 23 shots - (0,826), L, 1-1-0, 60:00 minutes
Igor Shesterkin (PHI), 22 saves from 23 shots - (0,957), W, 1-1-1, 60:00 minutes
3 StarsOfficial
1 - Jason Zucker (PHI)
2 - Sean Monahan (PHI)
3 - Igor Shesterkin (PHI)
Referees : Dennis LaRue and Francois StLaurent
Linesman : Brad Lazarowich and Thor Nelson
Game Note
Jason Zucker has scored a Hat Trick!
Finance
Level 1 -- Attendance: 5814 (96,90%) -- Ticket Income 784 890 $
Level 2 -- Attendance: 5726 (87,59%) -- Ticket Income 458 080 $
Level 3 -- Attendance: 1510 (75,50%) -- Ticket Income 90 600 $
Level 4 -- Attendance: 3657 (91,43%) -- Ticket Income 127 995 $
Luxury Box -- Attendance: 580 (58,00%) -- Ticket Income 220 400 $
Game was played at the Whells Fargot Center.
Total Attendance: 17287 (88,48%)
Total Ticket Income: 1 681 965 $
Other Income: 336 393 $
Total Income: 2 018 358 $



Team Name Goals Shots Shots Attemp Shots Blocked PIM HIT PP PK FO%
CAROLINA Hurricanes 1235098280 / 4 (0%)145%
PHILADELPHIA Flyers 42346810171 / 3 (33%)055%

CAROLINA Hurricanes
Player Name POS G A P +/- PIM HIT SHT SB MP PP MP PP SHT PK MP PK SHT FO% FOT
Alexandre TexierC/LW000000002:270:0000:0000% 0
Blake LizotteC000000000:430:0000:4000% 0
Blake WheelerLW/RW0000031014:310:0001:30067% 3
Brandon SutterC/RW0000014019:162:5610:0000% 1
Brett PesceD011-1010125:253:2901:4800% 0
Cam YorkD000-1000011:580:0000:3100% 0
Connor DewarC000001002:270:0000:00050% 2
Curtis LazarC/LW/RW0000024013:010:0000:00054% 13
Esa LindellD0000210222:222:5001:1600% 0
Jack HughesC101-2014025:163:2302:13050% 36
James van RiemsdykLW/RW0000003014:010:0001:0000% 1
KAndre MillerD000-1010113:000:4500:0000% 0
Marcus JohanssonC/LW/RW011-2203121:433:2311:080100% 2
Owen PowerD0000220121:342:0502:0100% 0
Pontus AbergLW/RW0000011019:162:5600:0000% 0
Ryan EllisD000-1031325:393:2902:0200% 0
Tyler MotteC/LW/RW0000071020:492:5610:42032% 22
Wayne SimmondsLW/RW000-2241019:033:2200:2500% 3
PHILADELPHIA Flyers
Player Name POS G A P +/- PIM HIT SHT SB MP PP MP PP SHT PK MP PK SHT FO% FOT
Alex PietrangeloD011-1020224:041:2002:3600% 0
Austin CzarnikC/RW0000002016:501:5612:1200% 0
Brady TkachukLW0002240018:201:4900:0200% 0
Brock McGinnLW/RW0000020017:270:0404:050100% 1
Brock NelsonC0000011017:001:5300:02065% 26
Calen AddisonD0112220121:222:2901:2900% 0
Charlie CoyleC/RW0000001016:130:0004:05059% 22
Jason ZuckerLW/RW3142006018:261:5600:0000% 1
Joe VelenoC000000106:170:0000:08067% 3
Justin FaulkD000-1000121:511:2002:4100% 0
Matt RoyD0111010014:260:0001:4700% 0
Nail YakupovRW000000206:090:0000:0000% 0
Olli MaattaD0001022216:340:0002:4900% 0
Pavel BuchnevichLW/RW0000210214:341:5300:0000% 1
Sean MonahanC1122005020:381:5612:12048% 27
Tim StutzleC/LW0000010012:080:0000:0000% 1
Tj BrodieD0112413021:322:2921:0800% 0
Zach PariseC/LW000000006:090:0000:0000% 1



Play-by-Play

1st period


0:01 of 1st period - Sean Monahan wins face-off versus Jack Hughes in neutral zone.
0:18 of 1st period - Shot by Jack Hughes.
0:18 of 1st period - Stopped by Igor Shesterkin without a rebound.
0:19 of 1st period - Brock Nelson wins face-off versus Tyler Motte in PHILADELPHIA Flyers zone.
0:23 of 1st period - Icing by Austin Czarnik.
0:24 of 1st period - Brock Nelson wins face-off versus Curtis Lazar in PHILADELPHIA Flyers zone.
0:33 of 1st period - Austin Czarnik is hit by Curtis Lazar and loses puck.
1:26 of 1st period - Off-side.
1:27 of 1st period - Charlie Coyle wins face-off versus Jack Hughes in neutral zone.
1:46 of 1st period - Tim Stutzle is hit by Wayne Simmonds and loses puck.
2:11 of 1st period - Shot by Marcus Johansson.
2:11 of 1st period - Shot Misses the Net.
2:58 of 1st period - Minor Penalty to Brady Tkachuk for Roughing.
2:58 of 1st period - Minor Penalty to Owen Power for Interference.
2:59 of 1st period - Brock Nelson wins face-off versus Jack Hughes in CAROLINA Hurricanes zone.
3:06 of 1st period - Shot by Brock Nelson.
3:06 of 1st period - Stopped by Ilya Samsonov without a rebound.
3:07 of 1st period - Jack Hughes wins face-off versus Charlie Coyle in CAROLINA Hurricanes zone.
3:54 of 1st period - Off-side.
3:55 of 1st period - Brock Nelson wins face-off versus Wayne Simmonds in neutral zone.
4:27 of 1st period - Shot by Tj Brodie.
4:27 of 1st period - Stopped by Ilya Samsonov without a rebound.
4:28 of 1st period - Brock Nelson wins face-off versus Jack Hughes in CAROLINA Hurricanes zone.
5:33 of 1st period - Brady Tkachuk is hit by Curtis Lazar.
5:37 of 1st period - Shot by Jason Zucker.
5:37 of 1st period - Shot Misses the Net.
5:39 of 1st period - Shot by Brady Tkachuk.
5:39 of 1st period - Shot Misses the Net.
5:41 of 1st period - Shot by Olli Maatta.
5:41 of 1st period - Stopped by Ilya Samsonov without a rebound.
5:42 of 1st period - Joe Veleno wins face-off versus Tyler Motte in CAROLINA Hurricanes zone.
5:42 of 1st period - Alex Pietrangelo is hit by Ryan Ellis and loses puck.
6:22 of 1st period - Icing by Tyler Motte.
6:23 of 1st period - Tyler Motte wins face-off versus Brock Nelson in CAROLINA Hurricanes zone.
6:58 of 1st period - Icing by Wayne Simmonds.
6:59 of 1st period - Marcus Johansson wins face-off versus Sean Monahan in CAROLINA Hurricanes zone.
7:11 of 1st period - Shot by Jason Zucker.
7:11 of 1st period - Goal by Jason Zucker - CAROLINA Hurricanes : 0 - PHILADELPHIA Flyers : 1.
7:12 of 1st period - Curtis Lazar wins face-off versus Charlie Coyle in neutral zone.
7:12 of 1st period - Owen Power is hit by Tim Stutzle and loses puck.
7:42 of 1st period - Shot by Blake Wheeler.
7:42 of 1st period - Stopped by Igor Shesterkin with a rebound.
7:49 of 1st period - Alex Pietrangelo is hit by Esa Lindell and loses puck.
8:00 of 1st period - Minor Penalty to Esa Lindell for Hooking.
8:01 of 1st period - Jack Hughes wins face-off versus Sean Monahan in CAROLINA Hurricanes zone.
8:12 of 1st period - Shot by Austin Czarnik.
8:12 of 1st period - Stopped by Ilya Samsonov without a rebound.
8:13 of 1st period - Jack Hughes wins face-off versus Brock Nelson in CAROLINA Hurricanes zone.
8:30 of 1st period - Shot by Brock Nelson.
8:30 of 1st period - Shot Blocked by Ryan Ellis.
9:31 of 1st period - Shot by Alex Pietrangelo.
9:31 of 1st period - Shot Blocked by Marcus Johansson.
9:33 of 1st period - Shot by Sean Monahan.
9:33 of 1st period - Goal by Sean Monahan - CAROLINA Hurricanes : 0 - PHILADELPHIA Flyers : 2.
9:34 of 1st period - Charlie Coyle wins face-off versus Tyler Motte in neutral zone.
9:38 of 1st period - Off-side.
9:39 of 1st period - Charlie Coyle wins face-off versus Tyler Motte in neutral zone.
9:48 of 1st period - Shot by Tim Stutzle.
9:48 of 1st period - Shot Misses the Net.
9:58 of 1st period - Shot by Pontus Aberg.
9:58 of 1st period - Shot Blocked by Alex Pietrangelo.
10:36 of 1st period - Shot by Marcus Johansson.
10:36 of 1st period - Shot Misses the Net.
10:50 of 1st period - Shot by Wayne Simmonds.
10:50 of 1st period - Shot Misses the Net.
11:23 of 1st period - Shot by Curtis Lazar.
11:23 of 1st period - Deflect By James van Riemsdyk.
11:23 of 1st period - Stopped by Igor Shesterkin without a rebound.
11:24 of 1st period - Sean Monahan wins face-off versus James van Riemsdyk in PHILADELPHIA Flyers zone.
11:33 of 1st period - Jason Zucker is hit by Blake Wheeler and loses puck.
11:43 of 1st period - Shot by Curtis Lazar.
11:43 of 1st period - Stopped by Igor Shesterkin without a rebound.
11:44 of 1st period - Brock Nelson wins face-off versus Tyler Motte in PHILADELPHIA Flyers zone.
12:02 of 1st period - Tyler Motte is hit by Matt Roy and loses puck.
12:10 of 1st period - Icing by Pavel Buchnevich.
12:11 of 1st period - Jack Hughes wins face-off versus Brock Nelson in PHILADELPHIA Flyers zone.
12:20 of 1st period - Wayne Simmonds is hit by Brock Nelson and loses puck.
12:41 of 1st period - Shot by Wayne Simmonds.
12:41 of 1st period - Shot Misses the Net.
12:43 of 1st period - Shot by Esa Lindell.
12:43 of 1st period - Shot Blocked by Pavel Buchnevich.
12:55 of 1st period - Shot by Jack Hughes.
12:55 of 1st period - Deflect By Marcus Johansson.
12:55 of 1st period - Shot Blocked by Olli Maatta.
13:22 of 1st period - Olli Maatta is hit by Tyler Motte and loses puck.
13:44 of 1st period - Brandon Sutter is hit by Olli Maatta and loses puck.
13:52 of 1st period - Icing by Olli Maatta.
13:53 of 1st period - Curtis Lazar wins face-off versus Brock Nelson in PHILADELPHIA Flyers zone.
13:58 of 1st period - Shot by Curtis Lazar.
13:58 of 1st period - Stopped by Igor Shesterkin without a rebound.
13:59 of 1st period - Sean Monahan wins face-off versus Connor Dewar in PHILADELPHIA Flyers zone.
14:03 of 1st period - Off-side.
14:04 of 1st period - Sean Monahan wins face-off versus Wayne Simmonds in neutral zone.
14:07 of 1st period - Shot by Sean Monahan.
14:07 of 1st period - Deflect By Jason Zucker.
14:07 of 1st period - Stopped by Ilya Samsonov with a rebound.
14:09 of 1st period - Shot by Jason Zucker.
14:09 of 1st period - Stopped by Ilya Samsonov without a rebound.
14:10 of 1st period - Sean Monahan wins face-off versus Jack Hughes in CAROLINA Hurricanes zone.
14:24 of 1st period - Jack Hughes is hit by Calen Addison and loses puck.
14:28 of 1st period - Minor Penalty to Tj Brodie for Cross-checking.
14:29 of 1st period - Charlie Coyle wins face-off versus Tyler Motte in PHILADELPHIA Flyers zone.
14:43 of 1st period - Owen Power is hit by Brock McGinn and loses puck.
15:01 of 1st period - Charlie Coyle is hit by Tyler Motte and loses puck.
15:30 of 1st period - Shot by Jack Hughes.
15:30 of 1st period - Shot Hit the Post.
15:47 of 1st period - Shot by Marcus Johansson.
15:47 of 1st period - Stopped by Igor Shesterkin without a rebound.
15:48 of 1st period - Jack Hughes wins face-off versus Sean Monahan in PHILADELPHIA Flyers zone.
16:07 of 1st period - Shot by Marcus Johansson.
16:07 of 1st period - Shot Misses the Net.
16:14 of 1st period - Icing by Ryan Ellis.
16:15 of 1st period - Charlie Coyle wins face-off versus Jack Hughes in CAROLINA Hurricanes zone.
16:20 of 1st period - Shot by Alex Pietrangelo.
16:20 of 1st period - Shot Misses the Net.
16:22 of 1st period - Shot by Brock McGinn.
16:22 of 1st period - Shot Misses the Net.
16:58 of 1st period - Shot by Nail Yakupov.
16:58 of 1st period - Shot Blocked by Esa Lindell.
17:38 of 1st period - Shot by Sean Monahan.
17:38 of 1st period - Stopped by Ilya Samsonov with a rebound.
18:00 of 1st period - Shot by Curtis Lazar.
18:00 of 1st period - Shot Misses the Net.
18:02 of 1st period - Shot by James van Riemsdyk.
18:02 of 1st period - Shot Misses the Net.
18:04 of 1st period - Shot by Blake Wheeler.
18:04 of 1st period - Shot Misses the Net.
18:06 of 1st period - Shot by Cam York.
18:06 of 1st period - Shot Blocked by Alex Pietrangelo.
18:15 of 1st period - Off-side.
18:16 of 1st period - Brock Nelson wins face-off versus Jack Hughes in neutral zone.
18:48 of 1st period - Shot by Marcus Johansson.
18:48 of 1st period - Stopped by Igor Shesterkin with a rebound.
18:50 of 1st period - Shot by Wayne Simmonds.
18:50 of 1st period - Stopped by Igor Shesterkin without a rebound.
18:51 of 1st period - Brock McGinn wins face-off versus Tyler Motte in PHILADELPHIA Flyers zone.
18:51 of 1st period - Tj Brodie is hit by Tyler Motte.
18:55 of 1st period - Shot by Charlie Coyle.
18:55 of 1st period - Stopped by Ilya Samsonov without a rebound.
18:56 of 1st period - Charlie Coyle wins face-off versus Tyler Motte in CAROLINA Hurricanes zone.
Goals for this period are 0 for CAROLINA Hurricanes vs 2 for PHILADELPHIA Flyers.
Shots for this period are 8 for CAROLINA Hurricanes vs 10 for PHILADELPHIA Flyers.

2nd period


0:01 of 2nd period - Jack Hughes wins face-off versus Sean Monahan in neutral zone.
0:04 of 2nd period - Shot by Ryan Ellis.
0:04 of 2nd period - Shot Misses the Net.
0:23 of 2nd period - Wayne Simmonds is hit by Brady Tkachuk and loses puck.
0:32 of 2nd period - Shot by Jason Zucker.
0:32 of 2nd period - Goal by Jason Zucker - CAROLINA Hurricanes : 0 - PHILADELPHIA Flyers : 3.
0:33 of 2nd period - Curtis Lazar wins face-off versus Brock Nelson in neutral zone.
0:33 of 2nd period - James van Riemsdyk is hit by Pavel Buchnevich and loses puck.
1:05 of 2nd period - Icing by Cam York.
1:06 of 2nd period - Blake Wheeler wins face-off versus Sean Monahan in CAROLINA Hurricanes zone.
1:42 of 2nd period - Jason Zucker is hit by Ryan Ellis and loses puck.
1:49 of 2nd period - Shot by Jason Zucker.
1:49 of 2nd period - Shot Blocked by Ryan Ellis.
2:16 of 2nd period - Icing by Brett Pesce.
2:17 of 2nd period - Brock Nelson wins face-off versus Jack Hughes in CAROLINA Hurricanes zone.
2:30 of 2nd period - Shot by Austin Czarnik.
2:30 of 2nd period - Shot Blocked by Ryan Ellis.
2:58 of 2nd period - Shot by Pontus Aberg.
2:58 of 2nd period - Shot Blocked by Pavel Buchnevich.
3:02 of 2nd period - Shot by Brandon Sutter.
3:02 of 2nd period - Stopped by Igor Shesterkin without a rebound.
3:03 of 2nd period - Sean Monahan wins face-off versus Blake Wheeler in PHILADELPHIA Flyers zone.
3:14 of 2nd period - Shot by Sean Monahan.
3:14 of 2nd period - Stopped by Ilya Samsonov without a rebound.
3:15 of 2nd period - Charlie Coyle wins face-off versus Tyler Motte in CAROLINA Hurricanes zone.
3:15 of 2nd period - Charlie Coyle is hit by Owen Power.
3:36 of 2nd period - Charlie Coyle is hit by Tyler Motte and loses puck.
3:45 of 2nd period - Icing by Brandon Sutter.
3:46 of 2nd period - Sean Monahan wins face-off versus Tyler Motte in CAROLINA Hurricanes zone.
3:57 of 2nd period - Shot by Sean Monahan.
3:57 of 2nd period - Stopped by Ilya Samsonov with a rebound.
4:20 of 2nd period - Sean Monahan is hit by Owen Power and loses puck.
4:27 of 2nd period - Shot by Sean Monahan.
4:27 of 2nd period - Stopped by Ilya Samsonov without a rebound.
4:28 of 2nd period - Joe Veleno wins face-off versus Jack Hughes in CAROLINA Hurricanes zone.
5:45 of 2nd period - Matt Roy is hit by Blake Wheeler and loses puck.
6:02 of 2nd period - Icing by Olli Maatta.
6:03 of 2nd period - Brock Nelson wins face-off versus Tyler Motte in PHILADELPHIA Flyers zone.
6:03 of 2nd period - Brock Nelson is hit by Tyler Motte.
6:19 of 2nd period - Shot by Pontus Aberg.
6:19 of 2nd period - Shot Blocked by Olli Maatta.
6:21 of 2nd period - Shot by Brandon Sutter.
6:21 of 2nd period - Stopped by Igor Shesterkin without a rebound.
6:22 of 2nd period - Curtis Lazar wins face-off versus Sean Monahan in PHILADELPHIA Flyers zone.
6:29 of 2nd period - Shot by James van Riemsdyk.
6:29 of 2nd period - Shot Blocked by Calen Addison.
6:35 of 2nd period - Shot by James van Riemsdyk.
6:35 of 2nd period - Stopped by Igor Shesterkin with a rebound.
6:37 of 2nd period - Shot by Curtis Lazar.
6:37 of 2nd period - Stopped by Igor Shesterkin without a rebound.
6:38 of 2nd period - Charlie Coyle wins face-off versus Brandon Sutter in PHILADELPHIA Flyers zone.
7:03 of 2nd period - Charlie Coyle is hit by Tyler Motte and loses puck.
7:29 of 2nd period - Icing by Alex Pietrangelo.
7:30 of 2nd period - Jack Hughes wins face-off versus Charlie Coyle in PHILADELPHIA Flyers zone.
8:48 of 2nd period - Shot by Brock Nelson.
8:48 of 2nd period - Shot Misses the Net.
8:58 of 2nd period - Shot by Matt Roy.
8:58 of 2nd period - Shot Misses the Net.
9:00 of 2nd period - Shot by Pavel Buchnevich.
9:00 of 2nd period - Shot Misses the Net.
9:02 of 2nd period - Shot by Matt Roy.
9:02 of 2nd period - Shot Blocked by KAndre Miller.
9:04 of 2nd period - Shot by Matt Roy.
9:04 of 2nd period - Shot Misses the Net.
9:10 of 2nd period - Shot by Pavel Buchnevich.
9:10 of 2nd period - Shot Misses the Net.
9:12 of 2nd period - Shot by Olli Maatta.
9:12 of 2nd period - Stopped by Ilya Samsonov without a rebound.
9:13 of 2nd period - Tyler Motte wins face-off versus Zach Parise in CAROLINA Hurricanes zone.
11:37 of 2nd period - Minor Penalty to Tj Brodie for Hooking.
11:38 of 2nd period - Charlie Coyle wins face-off versus Tyler Motte in PHILADELPHIA Flyers zone.
12:08 of 2nd period - Shot by Esa Lindell.
12:08 of 2nd period - Shot Misses the Net.
13:20 of 2nd period - Shot by Owen Power.
13:20 of 2nd period - Shot Misses the Net.
14:48 of 2nd period - Shot by Nail Yakupov.
14:48 of 2nd period - Stopped by Ilya Samsonov with a rebound.
14:50 of 2nd period - Shot by Tj Brodie.
14:50 of 2nd period - Shot Misses the Net.
16:03 of 2nd period - Icing by Matt Roy.
16:04 of 2nd period - Curtis Lazar wins face-off versus Tim Stutzle in PHILADELPHIA Flyers zone.
16:13 of 2nd period - Shot by James van Riemsdyk.
16:13 of 2nd period - Deflect By Blake Wheeler.
16:13 of 2nd period - Shot Misses the Net.
16:15 of 2nd period - Shot by James van Riemsdyk.
16:15 of 2nd period - Stopped by Igor Shesterkin without a rebound.
16:16 of 2nd period - Curtis Lazar wins face-off versus Sean Monahan in PHILADELPHIA Flyers zone.
17:34 of 2nd period - Minor Penalty to Pavel Buchnevich for Diving.
17:35 of 2nd period - Jack Hughes wins face-off versus Charlie Coyle in PHILADELPHIA Flyers zone.
18:38 of 2nd period - Tyler Motte is hit by Brock McGinn and loses puck.
18:51 of 2nd period - Icing by Tyler Motte.
18:52 of 2nd period - Tyler Motte wins face-off versus Sean Monahan in CAROLINA Hurricanes zone.
19:05 of 2nd period - Shot by Pontus Aberg.
19:05 of 2nd period - Shot Blocked by Justin Faulk.
19:07 of 2nd period - Shot by Tyler Motte.
19:07 of 2nd period - Deflect By Brandon Sutter.
19:07 of 2nd period - Stopped by Igor Shesterkin without a rebound.
19:08 of 2nd period - Jack Hughes wins face-off versus Charlie Coyle in PHILADELPHIA Flyers zone.
19:22 of 2nd period - Off-side.
19:23 of 2nd period - Tyler Motte wins face-off versus Sean Monahan in neutral zone.
19:28 of 2nd period - Shot by Tyler Motte.
19:28 of 2nd period - Stopped by Igor Shesterkin without a rebound.
19:29 of 2nd period - Jack Hughes wins face-off versus Charlie Coyle in PHILADELPHIA Flyers zone.
19:35 of 2nd period - Marcus Johansson is hit by Olli Maatta and loses puck.
19:52 of 2nd period - Shot by Brock Nelson.
19:52 of 2nd period - Shot Misses the Net.
Goals for this period are 0 for CAROLINA Hurricanes vs 1 for PHILADELPHIA Flyers.
Shots for this period are 7 for CAROLINA Hurricanes vs 6 for PHILADELPHIA Flyers.

3rd period


0:01 of 3rd period - Sean Monahan wins face-off versus Wayne Simmonds in neutral zone.
0:03 of 3rd period - Calen Addison is hit by Brett Pesce and loses puck.
0:09 of 3rd period - Icing by Jack Hughes.
0:10 of 3rd period - Charlie Coyle wins face-off versus Jack Hughes in CAROLINA Hurricanes zone.
0:26 of 3rd period - Off-side.
0:27 of 3rd period - Tyler Motte wins face-off versus Sean Monahan in neutral zone.
0:36 of 3rd period - Shot by Brandon Sutter.
0:36 of 3rd period - Stopped by Igor Shesterkin with a rebound.
0:46 of 3rd period - Shot by Tyler Motte.
0:46 of 3rd period - Shot Misses the Net.
1:12 of 3rd period - Shot by Brady Tkachuk.
1:12 of 3rd period - Shot Blocked by Esa Lindell.
2:16 of 3rd period - Austin Czarnik is hit by Wayne Simmonds and loses puck.
2:24 of 3rd period - Icing by Tj Brodie.
2:25 of 3rd period - Brock Nelson wins face-off versus Curtis Lazar in PHILADELPHIA Flyers zone.
2:25 of 3rd period - Brock Nelson is hit by Blake Wheeler.
2:28 of 3rd period - Icing by Austin Czarnik.
2:29 of 3rd period - Curtis Lazar wins face-off versus Brock Nelson in PHILADELPHIA Flyers zone.
2:36 of 3rd period - Shot by Blake Wheeler.
2:36 of 3rd period - Shot Misses the Net.
2:49 of 3rd period - Cam York is hit by Tj Brodie and loses puck.
3:08 of 3rd period - Shot by Curtis Lazar.
3:08 of 3rd period - Deflect By James van Riemsdyk.
3:08 of 3rd period - Shot Misses the Net.
3:10 of 3rd period - Shot by Curtis Lazar.
3:10 of 3rd period - Stopped by Igor Shesterkin without a rebound.
3:11 of 3rd period - Sean Monahan wins face-off versus Jack Hughes in PHILADELPHIA Flyers zone.
3:11 of 3rd period - Sean Monahan is hit by Connor Dewar.
4:20 of 3rd period - Off-side.
4:21 of 3rd period - Charlie Coyle wins face-off versus Curtis Lazar in neutral zone.
4:27 of 3rd period - Off-side.
4:28 of 3rd period - Tyler Motte wins face-off versus Charlie Coyle in neutral zone.
4:37 of 3rd period - Shot by Tyler Motte.
4:37 of 3rd period - Shot Misses the Net.
5:47 of 3rd period - Shot by Ryan Ellis.
5:47 of 3rd period - Stopped by Igor Shesterkin without a rebound.
5:48 of 3rd period - Sean Monahan wins face-off versus Curtis Lazar in PHILADELPHIA Flyers zone.
6:20 of 3rd period - Icing by Blake Wheeler.
6:21 of 3rd period - Brock Nelson wins face-off versus Curtis Lazar in CAROLINA Hurricanes zone.
6:21 of 3rd period - Brock Nelson is hit by KAndre Miller.
6:38 of 3rd period - Icing by Austin Czarnik.
6:39 of 3rd period - Jack Hughes wins face-off versus Brock Nelson in PHILADELPHIA Flyers zone.
6:45 of 3rd period - Off-side.
6:46 of 3rd period - Jack Hughes wins face-off versus Sean Monahan in neutral zone.
6:49 of 3rd period - Alex Pietrangelo is hit by Wayne Simmonds.
7:00 of 3rd period - Wayne Simmonds is hit by Brady Tkachuk and loses puck.
7:16 of 3rd period - Shot by Jack Hughes.
7:16 of 3rd period - Goal by Jack Hughes - CAROLINA Hurricanes : 1 - PHILADELPHIA Flyers : 3.
7:17 of 3rd period - Charlie Coyle wins face-off versus Tyler Motte in neutral zone.
7:52 of 3rd period - Shot by Charlie Coyle.
7:52 of 3rd period - Shot Misses the Net.
8:33 of 3rd period - Olli Maatta is hit by Wayne Simmonds.
8:50 of 3rd period - Minor Penalty to Marcus Johansson for Delaying the game.
8:51 of 3rd period - Blake Wheeler wins face-off versus Pavel Buchnevich in CAROLINA Hurricanes zone.
8:51 of 3rd period - Ryan Ellis is hit by Brady Tkachuk and loses puck.
9:50 of 3rd period - Shot by Tj Brodie.
9:50 of 3rd period - Stopped by Ilya Samsonov with a rebound.
10:10 of 3rd period - Shot by Jason Zucker.
10:10 of 3rd period - Shot Blocked by Brett Pesce.
10:12 of 3rd period - Shot by Tj Brodie.
10:12 of 3rd period - Stopped by Ilya Samsonov without a rebound.
10:13 of 3rd period - Jack Hughes wins face-off versus Jason Zucker in CAROLINA Hurricanes zone.
10:35 of 3rd period - Shot by Sean Monahan.
10:35 of 3rd period - Shot Misses the Net.
11:20 of 3rd period - Shot by Nail Yakupov.
11:20 of 3rd period - Stopped by Ilya Samsonov without a rebound.
11:21 of 3rd period - Jack Hughes wins face-off versus Charlie Coyle in CAROLINA Hurricanes zone.
11:51 of 3rd period - Marcus Johansson is hit by Alex Pietrangelo and loses puck.
12:07 of 3rd period - Charlie Coyle is hit by Ryan Ellis and loses puck.
12:15 of 3rd period - Icing by Brett Pesce.
12:16 of 3rd period - Brock Nelson wins face-off versus Curtis Lazar in CAROLINA Hurricanes zone.
12:23 of 3rd period - Shot by Austin Czarnik.
12:23 of 3rd period - Stopped by Ilya Samsonov without a rebound.
12:24 of 3rd period - Sean Monahan wins face-off versus Tyler Motte in CAROLINA Hurricanes zone.
12:29 of 3rd period - Shot by Jason Zucker.
12:29 of 3rd period - Stopped by Ilya Samsonov without a rebound.
12:30 of 3rd period - Tyler Motte wins face-off versus Sean Monahan in CAROLINA Hurricanes zone.
12:35 of 3rd period - Tj Brodie is hit by Tyler Motte and loses puck.
13:00 of 3rd period - Shot by Brandon Sutter.
13:00 of 3rd period - Deflect By Pontus Aberg.
13:00 of 3rd period - Stopped by Igor Shesterkin without a rebound.
13:01 of 3rd period - Marcus Johansson wins face-off versus Brock Nelson in PHILADELPHIA Flyers zone.
15:30 of 3rd period - Shot by Cam York.
15:30 of 3rd period - Shot Misses the Net.
15:58 of 3rd period - Shot by Joe Veleno.
15:58 of 3rd period - Stopped by Ilya Samsonov without a rebound.
15:59 of 3rd period - Jack Hughes wins face-off versus Joe Veleno in CAROLINA Hurricanes zone.
16:16 of 3rd period - Shot by Jack Hughes.
16:16 of 3rd period - Stopped by Igor Shesterkin without a rebound.
16:17 of 3rd period - Connor Dewar wins face-off versus Sean Monahan in PHILADELPHIA Flyers zone.
16:17 of 3rd period - Jack Hughes is hit by Alex Pietrangelo and loses puck.
16:30 of 3rd period - Shot by Jack Hughes.
16:30 of 3rd period - Stopped by Igor Shesterkin without a rebound.
16:31 of 3rd period - Brock Nelson wins face-off versus Jack Hughes in PHILADELPHIA Flyers zone.
16:33 of 3rd period - Icing by Pavel Buchnevich.
16:34 of 3rd period - Brock Nelson wins face-off versus Jack Hughes in PHILADELPHIA Flyers zone.
16:40 of 3rd period - Off-side.
16:41 of 3rd period - Sean Monahan wins face-off versus Jack Hughes in neutral zone.
16:44 of 3rd period - Wayne Simmonds is hit by Brady Tkachuk and loses puck.
16:49 of 3rd period - Shot by Jason Zucker.
16:49 of 3rd period - Goal by Jason Zucker - CAROLINA Hurricanes : 1 - PHILADELPHIA Flyers : 4.
16:50 of 3rd period - Jack Hughes wins face-off versus Sean Monahan in neutral zone.
16:52 of 3rd period - Marcus Johansson is hit by Calen Addison and loses puck.
17:22 of 3rd period - Icing by Calen Addison.
17:23 of 3rd period - Sean Monahan wins face-off versus Tyler Motte in PHILADELPHIA Flyers zone.
17:23 of 3rd period - Jason Zucker is hit by Brandon Sutter.
17:29 of 3rd period - Sean Monahan is hit by Pontus Aberg and loses puck.
17:36 of 3rd period - Shot by Tyler Motte.
17:36 of 3rd period - Shot Misses the Net.
17:43 of 3rd period - Minor Penalty to Calen Addison for Holding.
17:44 of 3rd period - Jack Hughes wins face-off versus Charlie Coyle in PHILADELPHIA Flyers zone.
18:05 of 3rd period - Minor Penalty to Wayne Simmonds for Hooking.
18:06 of 3rd period - Brock Nelson wins face-off versus Jack Hughes in CAROLINA Hurricanes zone.
18:12 of 3rd period - Off-side.
18:13 of 3rd period - Brock Nelson wins face-off versus Jack Hughes in neutral zone.
18:17 of 3rd period - Off-side.
18:18 of 3rd period - Brock Nelson wins face-off versus Jack Hughes in neutral zone.
18:32 of 3rd period - Off-side.
18:33 of 3rd period - Charlie Coyle wins face-off versus Jack Hughes in neutral zone.
18:40 of 3rd period - Shot by Tim Stutzle.
18:40 of 3rd period - Shot Blocked by Owen Power.
18:48 of 3rd period - Alex Pietrangelo is hit by Jack Hughes and loses puck.
18:57 of 3rd period - Shot by Marcus Johansson.
18:57 of 3rd period - Stopped by Igor Shesterkin without a rebound.
18:58 of 3rd period - Jack Hughes wins face-off versus Brock Nelson in PHILADELPHIA Flyers zone.
Goals for this period are 1 for CAROLINA Hurricanes vs 1 for PHILADELPHIA Flyers.
Shots for this period are 8 for CAROLINA Hurricanes vs 7 for PHILADELPHIA Flyers.